cohdb
Replays
Latest Replays
All Replays
Popular Replays
Top Player Replays
Match Explorer
How It Works
Community
CoH3 Stats
Reddit
Sign in to upload your games and track your stats! →
Sign in with Steam
Match 44723255
Unlisted
Match 44723255
Overview
Messages
Build Orders
End
Construct Infanterie Kompanie
Grenadier Squad
MG 42 Machine Gun Team
Selects Terror Battlegroup
Selects Machine Gun Camouflage
Grenadier Squad
Infanterie Officer Quarters
Selects Interrogate
Grenadier Squad
Grenadier Squad
Grenadier Squad
Construct Panzergrenadier Kompanie
Pak 40 Anti-tank Gun Team
Selects Propaganda Leaflet Drop
Pak 40 Anti-tank Gun Team
Medical Bunker
Support Elements
StuG III G Assault Gun
Panzergrenadier Officer Quarters
Pioneer Squad
Be Frabjous
water
Boat Goes Binted
Hirys it's Irys
Macho Man Randy Savage
DodoSlayer27
Minimizen
Меткић'94
0
0
Comments
sign in to comment!
No comments posted yet!